 Dungeon Sprint DCSS version 0.26.0-16-gc1dbca0489 (webtiles) character file.

Game seed: 18149075689983122998

69020 Groucho the Timeless (level 15, -18/166 HPs)
             Began as a Naga Fighter on Jan 17, 2021.
             Was a High Priest of Cheibriados.
             Shot with a bolt by a yaktaur captain (25 damage)
             ... in the Dungeon (Sprint IX: "|||||||||||||||||||||||||||||").
             The game lasted 00:10:55 (6059 turns).

Groucho the Timeless (Naga Fighter)                 Turns: 6059, Time: 00:10:55

Health: -18/166    AC: 29    Str: 35    XL:     15   Next: 28%
Magic:  20/28      EV:  5    Int: 22    God:    Cheibriados [*****.]
Gold:   1339       SH: 18    Dex: 30    Spells: 14/14 levels left

rFire    + . .     SeeInvis +   D - +7 war axe "Marag" {flame, rPois rF+ Str+3 Int-2}
rCold    . . .     Faith    .   c - +0 kite shield
rNeg     . . .     Spirit   .   r - +0 plate armour
rPois    +         Reflect  .   E - +1 helmet
rElec    .         Harm     .   (no cloak)
rCorr    .         Rampage  .   q - +1 pair of gloves
Will     +....     NoTele   +   w - +0 barding
Stlth    ..........             (no amulet)
HPRegen  0.37/turn              (no ring)
MPRegen  0.21/turn              (no ring)

@: very slow
A: large, see invisible, deformed body, poison resistance, slowness 2, spit
poison 1, constrict 1, AC +5
a: Spit Poison, Renounce Religion, Bend Time, Temporal Distortion, Slouch, Step
From Time


You were in the Dungeon.
You worshipped Cheibriados.
Cheibriados was extremely pleased with you.
You visited 1 branch You collected 1934 gold pieces.
You spent 595 gold pieces at shops.

Inventory:

Hand Weapons
 o - a +1 vorpal broad axe
 D - the +7 war axe "Marag" (weapon) {flame, rPois rF+ Str+3 Int-2}
   (You found it in the Dungeon)

   It has been specially enchanted to burn those struck by it, causing extra
   injury to most foes and up to half again as much damage against particularly
   susceptible opponents.
   Big, fiery blades are also staple armaments of hydra-hunters.
   It affects your strength (+3).
   It affects your intelligence (-2).
   It protects you from fire.
   It protects you from poison.
Armour
 c - a +0 kite shield (worn)
 q - a +1 pair of gloves (worn)
 r - a +0 plate armour (worn)
 w - a +0 barding (worn)
 E - a +1 helmet (worn)
Jewellery
 s - a +3 ring of intelligence
 t - a +2 ring of evasion
 A - an uncursed ring of fire
 B - an uncursed ring of protection from cold
 C - an uncursed ring of protection from cold
Wands
 n - a wand of iceblast (10)
Scrolls
 f - a scroll of fog
 j - 4 scrolls of blinking
 k - 6 scrolls of identify
 l - 5 scrolls of remove curse
 m - 2 scrolls of amnesia
 p - 4 scrolls of enchant armour
 u - 5 scrolls of enchant weapon
 x - a scroll of magic mapping
 y - a scroll of brand weapon
Potions
 b - a potion of brilliance
 d - a potion of might
 e - 4 potions of curing
 g - 3 potions of haste
 h - 2 potions of magic
 i - a potion of berserk rage
 v - 2 potions of ambrosia


   Skills:
 + Level 19.0 Fighting
 + Level 18.9 Axes
 + Level 16.4 Armour
 + Level 16.4 Shields
 + Level 19.4 Invocations


You had 14 spell levels left.
You didn't know any spells.
Your spell library was empty.

Dungeon Overview and Level Annotations

Branches:
Dungeon (1/1)

Altars:
Cheibriados
Dithmenos
Elyvilon
Fedhas
Gozag
Hepliaklqana
Kikubaaqudgha
Makhleb
Nemelex Xobeh
Okawaru
Qazlal
Ru
Sif Muna
Trog
Uskayaw
Vehumet
Wu Jian
Xom
Yredelemnul
Zin
The Shining One
Beogh
Jiyva
Lugonu

Shops:
D ?([?


Innate Abilities, Weirdness & Mutations

You cannot wear boots.
Your serpentine skin is tough. (AC +5)
You have supernaturally acute eyesight. (SInv)
Armour fits poorly on your strangely shaped body.
Your system is resistant to poisons. (rPois)
You cover ground very slowly.
You can spit poison.
You can use your snake-like lower body to constrict enemies.


Message History

Unknown command.
You feel better.
The yaktaur captain shoots a bolt.
You block the bolt.
Unknown command.
Unknown command.
The yaktaur captain shoots a bolt.
You block the bolt.
The sphinx casts a spell.
Something smites you!
* * * LOW HITPOINT WARNING * * *
The yaktaur captain shoots a bolt.
The bolt hits you!!
* * * LOW HITPOINT WARNING * * *
Items here: ( )) [.
Unknown command.
Okay, then.
Blink to where?
Press: ? - help, Dir - move target, p - yaktaur captain
As you read the scroll of blinking, it crumbles to dust.
There is an open door to the Vaults, spattered with blood here.
You see here an ugly thing corpse.
The yaktaur captain shoots a bolt.
The bolt hits you!!
You die...

▓)▓.▓)▓.▓[▓.▓.▓.▓.
▓)▓.▓)▓.▓[▓.▓'▓.▓.
▓.▓.▓.▓.▓[▓.▓)▓.▓.
▓)▓.▓)▓.▓[▓.▓)▓.▓.
▓.▓.▓.▓.▓[▓.▓.▓.▓.
▓)▓.▓)▓.▓[▓.▓)▓.▓'
▓.▓.▓.▓.▓.▓.▓)▓.▓.
▓.▓.▓.▓.▓.▓.▓)▓.▓.
▓@▓.▓.▓.▓!▓.▓)▓.▓.
▓.▓.♣'..▓.▓.▓.▓.▓.
▓†▓.♣.♣.▓.▓.▓.▓.▓.
▓.▓.♣...▓.▓.▓.▓.▓.
▓)▓.♣.♣.▓.▓.▓.▓.▓.
▓(▓.♣.♣.▓.▓.▓.▓.▓†
▓c▓.♣.♣.▓.▓.▓)▓.▓.
▓H▓.♣.♣.▓(▓.▓[▓.▓†
▓(▓.♣.♣.▓)▓.▓.▓.▓.


You could see a sphinx and a yaktaur captain.

Vanquished Creatures
  Saint Roka (D)
  Frances (D)
  A nagaraja (D)
  3 fire giants (D)
  A frost giant (D)
  Aizul (D)
  A very ugly thing (D)
  2 stone giants (D)
  Azrael (D)
  2 bunyips (D)
  2 ettins (D)
  A fire dragon (D)
  An eleionoma (D)
  8 ogre magi (D)
  2 great orbs of eyes (D)
  3 hydras (D)
  A rakshasa (D)
  2 naga warriors (D)
  A boulder beetle (D)
  3 centaur warriors (D)
  A deep troll shaman (D)
  2 tengu warriors (D)
  4 two-headed ogres (D)
  A death knight (D)
  An orc high priest (D)
  A spriggan berserker (D)
  Urug (D)
  A hell knight (D)
  A skeletal warrior (D)
  An unseen horror (D)
  A death drake (shapeshifter) (D)
  A sea snake (D)
  A flayed ghost (D)
  An unseen horror (shapeshifter) (D)
  An ironbrand convoker (D)
  6 orc knights (D)
  3 orb spiders (D)
  2 orc sorcerers (D)
  5 ugly things (D)
  A necromancer (D)
  A will-o-the-wisp (D)
  2 wolf spiders (D)
  A salamander (shapeshifter) (D)
  A cyclops (D)
  A manticore (D)
  2 vault sentinels (D)
  3 black mambas (D)
  An elephant (D)
  A merfolk siren (D)
  2 guardian serpents (D)
  3 cane toads (D)
  A naga mage (D)
  2 demonic crawlers (D)
  3 komodo dragons (D)
  A freezing wraith (D)
  A yaktaur (D)
  A jumping spider (D)
  2 wind drakes (D)
  A tyrant leech (D)
  3 merfolk (D)
  A hornet (D)
  A polar bear (shapeshifter) (D)
  2 slime creatures (D)
  5 blink frogs (D)
  A redback (D)
  A water elemental (D)
  A wraith (D)
  A wyvern (D)
  3 fire elementals (D)
  A basilisk (D)
  3 vampire mosquitoes (D)
  2 water moccasins (D)
  3 hell hounds (D)
  An ice beast (shapeshifter) (D)
  5 orc warriors (D)
  A sky beast (D)
  6 ogres (D)
  3 wolves (D)
  A centaur (D)
  4 bullfrogs (D)
  A scorpion (D)
  2 killer bees (D)
  A howler monkey (D)
  A jelly (D)
  5 orc priests (D)
  2 orc wizards (D)
  An adder (D)
  An ufetubus (D)
  9 orcs (D)
  A bat skeleton (D)
  A giant cockroach (D)
  2 goblins (D)
  A bat (D)
  A frilled lizard (D)
  A leopard gecko zombie (D)
  A quokka skeleton (D)
  A rat (D)
185 creatures vanquished.

Vanquished Creatures (others)
  An eleionoma (D)
  A mana viper (D)
  A bloated husk (D)
  2 foxfires (D)
5 creatures vanquished.

Grand Total: 190 creatures vanquished

Notes
Turn   | Place    | Note
-------+----------+-------------------------------------------
     0 | D        | Groucho the Naga Fighter began the quest for the Orb.
     0 | D        | Reached XP level 1. HP: 21/21 MP: 1/1
    26 | D        | Noticed a centaur
    36 | D        | Reached XP level 2. HP: 23/30 MP: 2/2
    42 | D        | Killed a centaur
    43 | D        | Reached skill level 5 in Fighting
    43 | D        | Reached XP level 3. HP: 20/39 MP: 3/3
    43 | D        | Reached XP level 4. HP: 23/46 MP: 4/4
   421 | D        | Found a roughly hewn altar of Beogh.
   421 | D        | Found a snail-covered altar of Cheibriados.
   421 | D        | Found a shadowy altar of Dithmenos.
   421 | D        | Found a white marble altar of Elyvilon.
   421 | D        | Found a blossoming altar of Fedhas.
   421 | D        | Found an opulent altar of Gozag.
   422 | D        | Found a hazy altar of Hepliaklqana.
   423 | D        | Found a viscous altar of Jiyva.
   424 | D        | Found an ancient bone altar of Kikubaaqudgha.
   425 | D        | Became a worshipper of Cheibriados the Contemplative
   426 | D        | Found a corrupted altar of Lugonu.
   427 | D        | Found a burning altar of Makhleb.
   428 | D        | Found a sparkling altar of Nemelex Xobeh.
   429 | D        | Found an iron altar of Okawaru.
   430 | D        | Found a stormy altar of Qazlal.
   431 | D        | Found a sacrificial altar of Ru.
   432 | D        | Found a shimmering blue altar of Sif Muna.
   433 | D        | Found a bloodstained altar of Trog.
   434 | D        | Found a hide-covered altar of Uskayaw.
   435 | D        | Found a radiant altar of Vehumet.
   436 | D        | Found an ornate altar of the Wu Jian Council.
   437 | D        | Found a shimmering altar of Xom.
   438 | D        | Found a basalt altar of Yredelemnul.
   439 | D        | Found a glowing silver altar of Zin.
   440 | D        | Found a glowing golden altar of the Shining One.
   497 | D        | Noticed a bullfrog
   505 | D        | Killed a bullfrog
   506 | D        | Reached skill level 5 in Axes
   506 | D        | Reached skill level 5 in Armour
   506 | D        | Reached skill level 5 in Shields
   506 | D        | Reached XP level 5. HP: 26/55 MP: 5/5
   510 | D        | Reached * piety under Cheibriados
   521 | D        | Reached XP level 6. HP: 31/63 MP: 6/6
   530 | D        | Reached ** piety under Cheibriados
   531 | D        | Reached skill level 1 in Invocations
   907 | D        | Noticed a skeletal warrior
   907 | D        | Noticed an unseen horror
   907 | D        | Noticed a sky beast
   907 | D        | Noticed a green ugly thing
   930 | D        | Killed a skeletal warrior
   930 | D        | Reached *** piety under Cheibriados
   931 | D        | Reached skill level 5 in Invocations
   931 | D        | Reached XP level 7. HP: 17/75 MP: 7/11
   938 | D        | Killed an unseen horror
   939 | D        | Reached XP level 8. HP: 18/85 MP: 8/13
   948 | D        | Killed a green ugly thing
   948 | D        | Reached **** piety under Cheibriados
   949 | D        | Reached XP level 9. HP: 21/93 MP: 10/14
   960 | D        | Reached ***** piety under Cheibriados
   961 | D        | Reached skill level 10 in Fighting
  1535 | D        | Noticed a black mamba
  1535 | D        | Noticed a komodo dragon
  1535 | D        | Noticed a cane toad
  1535 | D        | Noticed a cane toad
  1536 | D        | Killed a black mamba
  1537 | D        | Reached skill level 10 in Axes
  1537 | D        | Killed a komodo dragon
  1538 | D        | Noticed a komodo dragon
  1540 | D        | Killed a cane toad
  1543 | D        | Killed a cane toad
  1555 | D        | Reached XP level 10. HP: 84/103 MP: 12/17
  1563 | D        | Reached ****** piety under Cheibriados
  1579 | D        | Noticed an elephant
  1579 | D        | Noticed a five-headed hydra
  1595 | D        | Reached skill level 10 in Invocations
  1601 | D        | Killed an elephant
  1602 | D        | Reached skill level 10 in Armour
  1603 | D        | Killed a five-headed hydra
  1604 | D        | Reached skill level 10 in Shields
  2079 | D        | Reached XP level 11. HP: 112/114 MP: 13/19
  2226 | D        | Noticed an orc knight
  2235 | D        | Killed an orc knight
  2284 | D        | Noticed an orc knight
  2284 | D        | Noticed an orc knight
  2284 | D        | Noticed an orc knight
  2284 | D        | Noticed an orc sorcerer
  2285 | D        | Noticed an orc high priest
  2288 | D        | Killed an orc knight
  2289 | D        | Noticed a sun demon
  2289 | D        | Killed an orc sorcerer
  2289 | D        | Killed an orc high priest
  2290 | D        | Killed an orc knight
  2290 | D        | Killed an orc knight
  2293 | D        | Noticed an orc sorcerer
  2297 | D        | Killed an orc sorcerer
  2341 | D        | Found Dubroph's Magic Scroll Emporium.
  2341 | D        | Noticed an ogre mage
  2341 | D        | Noticed a two-headed ogre
  2341 | D        | Noticed an ogre mage
  2342 | D        | Noticed an ogre mage
  2343 | D        | Killed an ogre mage
  2344 | D        | Noticed a two-headed ogre
  2353 | D        | Killed a two-headed ogre
  2353 | D        | Killed an ogre mage
  2354 | D        | Reached XP level 12. HP: 67/127 MP: 11/21
  2355 | D        | Killed a two-headed ogre
  2356 | D        | Killed an ogre mage
  2357 | D        | Found Copoifet's Antique Weapon Shoppe.
  2362 | D        | Found Tezap's Armour Emporium.
  2366 | D        | Found Uggujac's Magic Scroll Shoppe.
  2369 | D        | Noticed a two-headed ogre
  2371 | D        | Noticed an ogre mage
  2373 | D        | Killed a two-headed ogre
  2382 | D        | Killed an ogre mage
  2427 | D        | Bought a scroll of blinking for 75 gold pieces
  2427 | D        | Bought a scroll of identify for 20 gold pieces
  2427 | D        | Bought a scroll of identify for 20 gold pieces
  2427 | D        | Bought a scroll of magic mapping for 35 gold pieces
  2427 | D        | Bought a scroll of enchant weapon for 75 gold pieces
  2427 | D        | Bought a scroll of blinking for 75 gold pieces
  2427 | D        | Bought a scroll of blinking for 75 gold pieces
  2427 | D        | Bought a scroll of brand weapon for 200 gold pieces
  2427 | D        | Bought a scroll of identify for 20 gold pieces
  2573 | D        | Noticed Urug
  2584 | D        | Killed Urug
  2669 | D        | Found the +7 Singing Sword {vorpal, sonic wave}
  2670 | D        | Got the +7 war axe "Marag" {flame, rPois rF+ Str+3 Int-2}
  2728 | D        | Noticed a death knight
  2728 | D        | Noticed a two-headed ogre
  2739 | D        | Killed a death knight
  2741 | D        | Killed a two-headed ogre
  2762 | D        | Noticed an ettin
  2768 | D        | Noticed a deep troll shaman
  2771 | D        | Noticed a tengu warrior
  2772 | D        | Killed an ettin
  2773 | D        | Killed a tengu warrior
  2776 | D        | Killed a deep troll shaman
  2780 | D        | Reached skill level 15 in Fighting
  2801 | D        | Reached skill level 15 in Axes
  2801 | D        | Gained mutation: You can use your snake-like lower body to
                  | constrict enemies. [Naga growth]
  2801 | D        | Reached XP level 13. HP: 66/138 MP: 13/24
  3288 | D        | Noticed Saint Roka
  3299 | D        | Noticed Azrael
  3309 | D        | Killed Saint Roka
  3310 | D        | Reached skill level 15 in Invocations
  3322 | D        | Killed Azrael
  3811 | D        | Noticed a bunyip
  3811 | D        | Noticed a bunyip
  3814 | D        | Noticed an eleionoma
  3818 | D        | Killed a bunyip
  3822 | D        | Killed a bunyip
  3823 | D        | Killed an eleionoma
  3824 | D        | Noticed an eleionoma
  3836 | D        | Killed an eleionoma
  3837 | D        | Reached XP level 14. HP: 53/151 MP: 26/26
  4458 | D        | Noticed a nagaraja
  4468 | D        | Killed a nagaraja
  5157 | D        | Noticed Aizul
  5166 | D        | Killed Aizul
  5304 | D        | Noticed Frances
  5322 | D        | Killed Frances
  5323 | D        | Reached skill level 15 in Armour
  5323 | D        | Reached skill level 15 in Shields
  5461 | D        | Noticed a fire giant
  5467 | D        | Noticed a frost giant
  5468 | D        | Noticed a fire giant
  5476 | D        | Killed a fire giant
  5479 | D        | Killed a frost giant
  5479 | D        | Killed a fire giant
  5493 | D        | Noticed a fire giant
  5493 | D        | Noticed a fire giant
  5496 | D        | HP: 7/142 [rakshasa/+0 trident (3)]
  5501 | D        | Noticed a stone giant
  5504 | D        | Killed a fire giant
  5506 | D        | Killed a stone giant
  6016 | D        | Noticed a white very ugly thing
  6023 | D        | Reached XP level 15. HP: 155/164 MP: 17/28
  6051 | D        | Noticed a sphinx
  6055 | D        | HP: 4/166 [yaktaur captain/bolt (23)]
  6059 | D        | Shot with a bolt by a yaktaur captain

Illustrated notes

Levels and vault maps discovered:
D:        linesprint [early_d, line_temple, items_1, d_10, items_2, lair_1,
          lair_end, items_3, orc_1, orc_end, items_4, d_15, swamp_1, shoals_1,
          snake_1, spider_1, d_20, vaults_1, items_5, swamp_end, shoals_end,
          snake_end, spider_end, vaults_end, d_27, items_6, zot_1, zot_end,
          crypt_end, forest_end, elf_end, slime_end, tomb_end, abyss_end,
          pan_hell_end]

Skill      XL: |  1  2  3  4  5  6  7  8  9 10 11 12 13 14 15 |
---------------+----------------------------------------------+-----
Axes           | 3 4 5 6 8 9 10 12 13 15 16 18 | 18.9
Armour         | 3 4 5 7 8 9 10 11 13 14 15 16 | 16.4
Shields        | 3 4 5 7 8 9 10 11 13 14 15 16 | 16.4
Fighting       | 5 6 8 9 10 12 13 15 16 18 19 | 19.0
Invocations    | 5 6 7 9 11 13 14 16 18 19 | 19.4

Action                   |  1- 3 |  4- 6 |  7- 9 | 10-12 | 13-15 || total
-------------------------+-------+-------+-------+-------+-------++-------
Melee: War axe           |    27 |     5 |       |    59 |   170 ||   261
       Broad axe         |       |    57 |    37 |   103 |       ||   197
       Constrict         |       |       |       |       |    27 ||    27
Throw: Javelin           |       |       |       |       |     4 ||     4
Invok: Slouch            |       |       |     1 |    17 |    31 ||    49
       Bend Time         |       |       |       |     1 |       ||     1
  Use: Potion            |     1 |     4 |     2 |       |     7 ||    14
       Scroll            |       |       |       |       |     1 ||     1
 Stab: Invisible         |       |     4 |       |       |       ||     4
Armor: Scale mail        |    13 |       |       |       |       ||    13
       Plate armour      |       |    27 |    22 |    54 |    97 ||   200
Dodge: Dodged            |     5 |    11 |     5 |    22 |    23 ||    66
Block: Kite shield       |    21 |    40 |    18 |    90 |   158 ||   327
